 Dungeon Crawl Stone Soup version 0.23.2-40-g277498a001 (webtiles) character file.

Game seed: 7152468035485875321

1893 Aggronaut the Covert (level 8, 0/36 HPs)
             Began as a Spriggan Enchanter on Oct 2, 2019.
             Was an Initiate of Gozag.
             Shot with an arrow by a centaur (11 damage)
             ... on level 7 of the Dungeon.
             The game lasted 00:24:08 (8182 turns).

Aggronaut the Covert (Spriggan Enchanter)           Turns: 8182, Time: 00:24:09

Health: 0/36       AC:  6    Str:  5    XL:     8   Next: 93%
Magic:  7/13       EV: 18    Int: 16    God:    Gozag
Gold:   551        SH:  0    Dex: 18    Spells: 6/12 levels left

rFire    . . .     SeeInvis +   s - +1 short sword (venom)
rCold    . . .     Gourm    .   (shield restricted)
rNeg     . . .     Faith    .   b - +0 robe
rPois    .         Spirit   .   (helmet restricted)
rElec    .         Reflect  .   i - +1 cloak
rCorr    .         Harm     .   (gloves unavailable)
MR       +....                  (boots unavailable)
Stlth    +++++.....             (no amulet)
HPRegen  0.12/turn              n - +2 ring of protection
MPRegen  0.13/turn              (no ring)

@: gold aura, very slightly contaminated, very quick
A: very small, unfitting armour, see invisible, herbivore, speed 3, slow
metabolism 2
a: Potion Petition, Call Merchant, Bribe Branch, Renounce Religion


You were on level 7 of the Dungeon.
You worshipped Gozag.
Gozag was pleased with you.
You were not hungry.

You visited 1 branch of the dungeon, and saw 7 of its levels.

You collected 608 gold pieces.
You paid 57 gold pieces to Gozag.

Inventory:

Hand Weapons
 s - a +1 short sword of venom (weapon)
Armour
 b - a +0 robe (worn)
 i - a +1 cloak (worn)
 t - a scarf of spirit shield
Jewellery
 n - a +2 ring of protection (left hand)
Scrolls
 a - a scroll of fear {unknown}
 e - a scroll of identify
 g - a scroll of fog {unknown}
 h - 3 scrolls of remove curse
 o - 5 scrolls of teleportation
 q - 2 scrolls of enchant weapon {unknown}
Potions
 c - 4 potions of curing
 f - 2 potions of invisibility
 j - 2 potions of flight
 k - a potion of haste
 l - a potion of lignification
 p - a potion of brilliance
 r - a potion of might {unknown}
Comestibles
 d - 5 rations


   Skills:
 * Level 7.0 Short Blades
 - Level 3.0 Dodging
 + Level 12.3 Stealth
 - Level 2.6 Spellcasting
 - Level 8.0 Hexes


You had 6 spell levels left.
You knew the following spells:

 Your Spells              Type           Power        Failure   Level  Hunger
a - Corona                Hex            ####...      1%          1    #......
b - Ensorcelled Hibernat  Hex/Ice        ###...       5%          2    ##.....
c - Confuse               Hex            ####....     2%          3    ###....

Your spell library contained the following spells:

 Spells                   Type           Power        Failure   Level  Hunger
 Tukima's Dance           Hex            ####....     2%          3    ###....
 Dazzling Spray           Conj/Hex       ###...       11%         3    ###....
 Magic Dart               Conj           #...         19%         1    #......
 Searing Ray              Conj           #.....       28%         2    ##.....
 Fulminant Prism          Conj/Hex       ###.......   36%         4    #####..
 Force Lance              Conj/Tloc      #.......     88%         4    #####..
 Iskenderun's Mystic Bla  Conj           #.......     88%         4    #####..


Dungeon Overview and Level Annotations

Branches:
Dungeon (7/15)             Temple (0/1) D:6

Altars:
Ashenzari
Cheibriados
Dithmenos
Fedhas
Gozag
Hepliaklqana
Qazlal

Shops:
D:4 [%:*


Innate Abilities, Weirdness & Mutations

You are very small and have problems with some larger weapons.
You are too small for most types of armour.
You have supernaturally acute eyesight. (SInv)
You are a herbivore.
You cover ground extremely quickly.
You need to consume almost no food.


Message History

The centaur barely misses you.
You see here 7 gold pieces.
Casting: Ensorcelled Hibernation (safe; 5% risk of failure)
Confirm with . or Enter, or press ? or * to list all spells.
Aiming: Ensorcelled Hibernation (safe; 5% risk of failure)
Press: ? - help, Shift-Dir - straight line, f - centaur
Aim: a centaur (chance to defeat MR: 46%)
The centaur resists with some effort.
The centaur closely misses you.
You barely miss the centaur.
The orc shouts!
The adder skeleton becomes distracted by the nearby gold, dreaming of imaginary riches.
The centaur closely misses you.
Blink to where?
Press: ? - help, Dir - move target cursor, p - centaur You are very lightly contaminated with residual magic.
As you read the scroll of blinking, it crumbles to dust.
The centaur wields a +2 shortbow of velocity.
The centaur shoots an arrow.
The arrow hits you!
You die...
Your body crumbles into a pile of gold.

o..........##
....o..........#
........o..Z$..#
...............#
............c§.#
..............(#
........>.....##
..$..........##
#@##### #.# #.#
... #.. $ ....
#... .....


You could see a centaur, an orc priest (wandering), an orc and an adder skeleton
(unaware).

Vanquished Creatures
  Menkaure (D:5)
  2 ice beasts (D:5)
  3 orc warriors
  2 centaurs (D:6)
  5 bullfrogs
  A scorpion (D:6)
  2 howler monkeys
  2 bullfrog zombies
  2 crimson imps
  2 hounds
  A jelly (D:2)
  An orc priest (D:6)
  An orc wizard (D:6)
  3 iguanas
  4 worker ants
  Robin (D:3)
  7 adders
  11 oozes
  An adder skeleton (D:4)
  3 worms (D:2)
  2 dart slugs
  3 leopard geckos
  12 orcs
  8 bats
  3 giant cockroaches
  15 goblins
  20 hobgoblins
  6 jackals
  9 kobolds
  A quokka (D:2)
  2 ball pythons
  5 frilled lizards
  A leopard gecko skeleton (D:5)
  9 rats
151 creatures vanquished.

Vanquished Creatures (others)
  11 toadstools (D:2)
11 creatures vanquished.

Grand Total: 162 creatures vanquished

Notes
Turn   | Place    | Note
-------+----------+-------------------------------------------
     0 | D:1      | Aggronaut the Spriggan Enchanter began the quest for the
                  | Orb.
     0 | D:1      | Reached XP level 1. HP: 9/9 MP: 5/5
   129 | D:1      | Reached XP level 2. HP: 9/13 MP: 4/6
   676 | D:1      | Learned a level 2 spell: Ensorcelled Hibernation
   822 | D:1      | Reached skill level 5 in Stealth
  1248 | D:1      | Reached XP level 3. HP: 13/16 MP: 8/8
  1667 | D:2      | Reached skill level 5 in Hexes
  1897 | D:2      | Reached XP level 4. HP: 21/21 MP: 6/9
  1946 | D:2      | Found a hazy altar of Hepliaklqana.
  2922 | D:2      | Reached skill level 6 in Stealth
  2943 | D:2      | Reached XP level 5. HP: 24/24 MP: 0/10
  3351 | D:3      | Noticed Robin
  3371 | D:3      | Learned a level 3 spell: Confuse
  3415 | D:3      | Killed Robin
  4350 | D:4      | Found a blossoming altar of Fedhas.
  4357 | D:4      | Reached XP level 6. HP: 28/28 MP: 11/11
  4394 | D:4      | Found Esuecuet's Food Shop.
  4520 | D:4      | Found Raisaby's General Store.
  4595 | D:4      | Found Qitaa's Antique Armour Boutique.
  4598 | D:4      | Reached skill level 7 in Stealth
  4685 | D:4      | Found Vocych's Book Emporium.
  4711 | D:4      | Found a faded altar of an unknown god.
  4711 | D:4      | Found a faded altar of an unknown god.
  4716 | D:4      | Found a shadowy altar of Dithmenos.
  4718 | D:4      | Found an opulent altar of Gozag.
  4719 | D:4      | Found a stormy altar of Qazlal.
  4733 | D:4      | Became a worshipper of Gozag Ym Sagoz the Greedy
  4815 | D:5      | Entered Level 5 of the Dungeon
  4815 | D:5      | Noticed an ice beast
  4823 | D:5      | Found Qyudojieh's Magic Scroll Shop.
  5128 | D:5      | Killed an ice beast
  5159 | D:5      | Found a snail-covered altar of Cheibriados.
  5172 | D:5      | Noticed an ice beast
  5195 | D:5      | Killed an ice beast
  5195 | D:5      | Reached skill level 8 in Stealth
  5195 | D:5      | Reached XP level 7. HP: 20/32 MP: 3/12
  5507 | D:5      | Reached skill level 9 in Stealth
  5781 | D:5      | Noticed Menkaure
  5789 | D:5      | Killed Menkaure
  5789 | D:5      | Reached skill level 10 in Stealth
  6329 | D:6      | Found a shattered altar of Ashenzari.
  6399 | D:6      | Reached XP level 8. HP: 36/36 MP: 13/13
  6428 | D:6      | Reached skill level 11 in Stealth
  6765 | D:6      | Found a staircase to the Ecumenical Temple.
  7171 | D:6      | Reached skill level 5 in Short Blades
  7533 | D:6      | Reached skill level 12 in Stealth
  7787 | D:7      | Noticed a two-headed ogre
  8182 | D:7      | Shot with an arrow by a centaur

Skill      XL: |  1  2  3  4  5  6  7  8 |
---------------+-------------------------+-----
Hexes          | 4 5 6 7 8 |  8.0
Stealth        | 5 6 8 10 12 | 12.3
Short Blades   | 3 7 |  7.0
Dodging        | |  3.0
Spellcasting   | |  2.6

Action                   |  1- 3 |  4- 6 |  7- 9 || total
-------------------------+-------+-------+-------++-------
Melee: Dagger            |   134 |   126 |       ||   260
       Short sword       |    22 |   104 |   106 ||   232
 Cast: Corona            |    16 |     2 |       ||    18
       Ensorcelled Hiber |    12 |    25 |    31 ||    68
       Confuse           |       |     9 |    11 ||    20
  Use: Scroll            |       |     6 |     9 ||    15
       Potion            |       |     1 |       ||     1
 Stab: Sleeping          |    16 |    30 |    28 ||    74
       Distracted        |       |     1 |       ||     1
       Confused          |       |     5 |     3 ||     8
  Eat: Ration            |       |     2 |     4 ||     6
Armor: Robe              |    13 |    39 |    12 ||    64
Dodge: Dodged            |   117 |   146 |    80 ||   343
